 Dungeon Crawl Stone Soup version 0.31-a0-1237-gabc64e778c (webtiles) character file.

Game seed: 14344431883705454495

1591 jlumianski the Ruffian (level 8, -1/61 HPs)
             Began as a Gnoll Shapeshifter on Dec 16, 2023.
             Was a Follower of Wu Jian.
             Slain by Maggie
             ... wielding a +0 glaive
              (18 damage)
             ... on level 6 of the Dungeon.
             The game lasted 00:30:15 (6343 turns).

jlumianski the Ruffian (Gnoll Shapeshifter)         Turns: 6343, Time: 00:30:15

Health: -1/61      AC: 10    Str: 16    XL:     8   Next: 93%
Magic:  13/13      EV:  9    Int: 10    God:    Wu Jian [*.....]
Gold:   179        SH:  0    Dex: 11    Spells: 14/14 levels left

rFire   . .          .
                       - Unarmed
rCold   . . .        (no shield)
rNeg    . . .        i - +1 chain mail
rPois   .            (helmet currently unavailable)
rElec   .            (cloak currently unavailable)
rCorr   .            (gloves currently unavailable)
SInv    .            (boots currently unavailable)
Will    .....        u - amulet of the acrobat Stlth
                     (no ring)
HPRegen 0.30/turn    (no ring)
MPRegen 0.13/turn

%: acrobat
@: beast-form, marked
A: beast (slay +4), fangs 1, strong nose, distributed training
a: Begin Untransformation, Renounce Religion


You were on level 6 of the Dungeon.
You worshipped Wu Jian.
Wu Jian was aware of your devotion.
You were a hulking beast.
You visited 2 branches of the dungeon, and saw 7 of its levels.
You also visited: Sewer.

You collected 309 gold pieces.
You spent 130 gold pieces at shops.

Inventory:

Hand Weapons
 r - a +0 long sword
 s - the +2 mace "Notawkua" {antimagic, rC+}
   (You found it on level 2 of the Dungeon)

   rC+:       It protects you from cold.
 C - a +3 sling
 D - a +5 great mace
 E - a +0 spear
Missiles
 v - 11 poisoned darts (quivered)
 y - 3 javelins
Armour
 a - a +0 animal skin
 i - a +1 chain mail (worn)
 z - a +0 kite shield
 F - a +0 ring mail
Magical Staves
 H - a staff of air
Jewellery
 h - a ring of ice
 u - an amulet of the acrobat (around neck)
 G - an amulet of magic regeneration
Talismans
 c - a beast talisman
 d - a flux talisman
Wands
 p - a wand of flame (21)
Scrolls
 e - a scroll of fog
 f - a scroll of torment
 j - 2 scrolls of vulnerability
 k - 3 scrolls of noise
 l - 3 scrolls of revelation
 m - 2 scrolls of teleportation
 n - a scroll of enchant armour
 x - a scroll of blinking
 B - a scroll of brand weapon {unknown}
Potions
 b - 3 potions of enlightenment
 g - 2 potions of curing
 o - 4 potions of heal wounds
 q - a potion of cancellation {unknown}
 t - 3 potions of lignification
 w - a potion of resistance
 A - a potion of mutation {unknown}


   Skills:
 + Level 4.6 Fighting
 + Level 3.7 Short Blades
 + Level 3.7 Long Blades
 + Level 3.7 Axes
 + Level 3.7 Maces & Flails
 + Level 3.7 Polearms
 + Level 3.7 Staves
 + Level 3.7 Ranged Weapons
 + Level 3.7 Throwing
 + Level 3.7 Armour
 + Level 6.0 Dodging
 + Level 3.7 Stealth
 + Level 3.7 Shields
 + Level 7.6 Unarmed Combat
 + Level 3.7 Spellcasting
 + Level 3.1 Conjurations
 + Level 3.1 Hexes
 + Level 3.1 Summonings
 + Level 3.1 Necromancy
 + Level 3.1 Translocations
 + Level 3.1 Transmutations
 + Level 3.1 Fire Magic
 + Level 3.1 Ice Magic
 + Level 3.1 Air Magic
 + Level 3.1 Earth Magic
 + Level 3.1 Poison Magic
 + Level 4.1 Invocations
 + Level 3.7 Evocations
 + Level 7.4 Shapeshifting


You had 14 spell levels left.
You didn't know any spells.
Your spell library contained the following spells:

 Spells                   Type           Power      Damage    Failure   Level
 Slow                     Hex            32%        N/A       63%         1
 Confusing Touch          Hex            8%         N/A       94%         3
 Inner Flame              Hex/Fire       8%         N/A       94%         3
 Sigil of Binding         Hex            8%         N/A       94%         3
 Tukima's Dance           Hex            8%         N/A       94%         3
 Vampiric Draining        Necr           8%         2d6       94%         3
 Passage of Golubria      Tloc           8%         N/A       100%        4
 Yara's Violent Unravell  Hex/Tmut       4%         3d4       100%        5
 Enfeeble                 Hex            4%         N/A       100%        7


Dungeon Overview and Level Annotations

Branches:
Dungeon (6/15)             Temple (1/1) D:4           Sewer (visited)

Altars:
Ashenzari
Cheibriados
Dithmenos
Elyvilon
Fedhas
Gozag
Hepliaklqana
Kikubaaqudgha
Makhleb
Nemelex Xobeh
Okawaru
Qazlal
Ru
Sif Muna
Trog
Uskayaw
Vehumet
Wu Jian
Yredelemnul
Zin
The Shining One

Shops:
D:1 [   D:2 !   D:5 [

Annotations:
D:6 Maggie


Innate Abilities, Weirdness & Mutations

You are a hulking beast.
Your limbs bulge with bestial killing power. (Slay +4)
You have very sharp teeth.
Your uncanny sense of smell can sniff out nearby items.
Your experience applies equally to all skills.


Message History

Maggie is almost dead.
Maggie hits you with a +0 glaive!
The centaur unwields a +0 orcbow.
The centaur closely misses you. x2
You completely miss Maggie.
Maggie is almost dead.
Maggie says, "Have you seen any dragons?"
Maggie closely misses you. The centaur hits you.
* * * LOW HITPOINT WARNING * * *
The centaur kicks you but does no damage.
You hit Maggie but do no damage.
Maggie is almost dead.
The centaur completely misses you. The centaur closely misses you.
A water moccasin comes into view.
You barely miss Maggie.
Maggie is almost dead.
Maggie casts a spell at you. The bolt of fire hits you!
* * * LOW HITPOINT WARNING * * *
The centaur barely misses you.
The centaur kicks you but does no damage.
You feel much better.
You break out of your daze.
The centaur hits you.
The centaur kicks you but does no damage.
Maggie hits you with a +0 glaive.
* * * LOW HITPOINT WARNING * * *
The centaur hits you but does no damage.
The centaur barely misses you.
You barely miss Maggie.
Maggie is almost dead.
Maggie hits you with a +0 glaive.
* * * LOW HITPOINT WARNING * * *
The centaur hits you but does no damage.
The centaur kicks you but does no damage.
You spin and attack the centaur.
You hit the centaur.
The centaur is lightly wounded.
The centaur hits you but does no damage.
The centaur kicks you but does no damage.
Maggie hits you from afar with a +0 glaive!!
You die...

.... ∆ ... . #.. .. ..
∆... ##.# S... #..#
.....
#######.##########......
#..............h.@...[..
#####......#####c#######
#####.###.........
#..........#.#####.#
#..........#.# .#
###............# #
#............###
..#..........#
..########..##


You could see Maggie and a centaur.

Vanquished Creatures
  The ghost of Sundig the Shield-Bearer, an amateur HuFi (D:4)
  3 yaks (D:4)
  A sky beast (D:5)
  A black bear (D:5)
  2 ogres (D:4)
  A brain worm (Sewer)
  A hound (D:5)
  A jelly (Sewer)
  2 orc priests (D:4)
  2 iguanas
  4 orc wizards
  Natasha (D:2)
  5 adders
  4 gnolls (D:4)
  A river rat (Sewer)
  A shadow imp (D:5)
  A white imp (D:5)
  2 ufetubi
  3 worms
  A dart slug (D:3)
  7 orcs
  5 endoplasms
  5 giant cockroaches
  10 goblins
  6 hobgoblins
  4 jackals
  10 quokkas
  14 ball pythons
  16 bats
  7 kobolds
  7 rats
129 creatures vanquished.

Notes
Turn   | Place    | Note
-------+----------+-------------------------------------------
     0 | D:1      | jlumianski the Gnoll Shapeshifter began the quest for the
                  | Orb.
     0 | D:1      | Reached XP level 1. HP: 17/17 MP: 1/1
    24 | D:1      | Reached XP level 2. HP: 21/23 MP: 2/2
   202 | D:1      | Found Bojowemp's Antique Armour Shop.
   248 | D:1      | Reached XP level 3. HP: 28/28 MP: 3/3
   354 | D:2      | Noticed Natasha
   354 | D:2      | You fall into a shaft and drop 1 floor!
   419 | D:3      | Found a glowing drain.
   464 | Sewer    | Entered a sewer
   520 | Sewer    | Reached skill level 1 in Invocations
   708 | Sewer    | Reached skill level 1 in Short Blades
   708 | Sewer    | Reached skill level 1 in Long Blades
   708 | Sewer    | Reached skill level 1 in Axes
   708 | Sewer    | Reached skill level 1 in Maces & Flails
   708 | Sewer    | Reached skill level 1 in Polearms
   708 | Sewer    | Reached skill level 1 in Staves
   708 | Sewer    | Reached skill level 1 in Ranged Weapons
   708 | Sewer    | Reached skill level 1 in Throwing
   708 | Sewer    | Reached skill level 1 in Armour
   708 | Sewer    | Reached skill level 1 in Stealth
   708 | Sewer    | Reached skill level 1 in Shields
   708 | Sewer    | Reached skill level 1 in Spellcasting
   708 | Sewer    | Reached skill level 1 in Evocations
   795 | Sewer    | Reached skill level 1 in Conjurations
   795 | Sewer    | Reached skill level 1 in Hexes
   795 | Sewer    | Reached skill level 1 in Summonings
   795 | Sewer    | Reached skill level 1 in Necromancy
   795 | Sewer    | Reached skill level 1 in Translocations
   795 | Sewer    | Reached skill level 1 in Transmutations
   795 | Sewer    | Reached skill level 1 in Fire Magic
   795 | Sewer    | Reached skill level 1 in Ice Magic
   795 | Sewer    | Reached skill level 1 in Air Magic
   795 | Sewer    | Reached skill level 1 in Earth Magic
   795 | Sewer    | Reached skill level 1 in Poison Magic
   795 | Sewer    | Reached XP level 4. HP: 12/34 MP: 5/5
   799 | Sewer    | HP: 1/34 [river rat (7)]
  1031 | Sewer    | Noticed a brain worm
  1040 | Sewer    | Killed a brain worm
  1041 | Sewer    | Reached XP level 5. HP: 32/41 MP: 4/7
  1586 | D:2      | Identified the +2 mace "Notawkua" {antimagic, rC+}
  1602 | D:2      | Found a hide-covered altar of Uskayaw.
  1821 | D:2      | Found Fegefe's Distillery.
  1824 | D:2      | Bought a potion of heal wounds for 50 gold pieces
  1824 | D:2      | Bought a potion of heal wounds for 50 gold pieces
  1824 | D:2      | Bought a potion of lignification for 30 gold pieces
  2095 | D:2      | Killed Natasha
  2096 | D:2      | Reached XP level 6. HP: 46/47 MP: 8/8
  2383 | D:1      | Found an ancient bone altar of Kikubaaqudgha.
  2973 | D:5      | Entered Level 5 of the Dungeon
  2973 | D:5      | Noticed a sky beast
  2987 | D:5      | Killed a sky beast
  2988 | D:5      | Reached skill level 5 in Dodging
  3014 | D:5      | Found Heedgh's Armour Shop.
  3089 | D:5      | Noticed a yak
  3089 | D:5      | Noticed a yak
  3090 | D:5      | Noticed a yak
  3922 | D:4      | Found a transporter.
  3924 | D:4      | Noticed Sundig's ghost (amateur HuFi)
  3927 | D:4      | Found a transporter.
  3994 | D:4      | Found a staircase to the Ecumenical Temple.
  4007 | Temple   | Entered the Ecumenical Temple
  4031 | Temple   | Became a worshipper of the Wu Jian Council
  4117 | D:4      | Killed a yak
  4118 | D:4      | Reached XP level 7. HP: 41/52 MP: 10/10
  4219 | D:4      | HP: 1/52 [yak (8)]
  4228 | D:4      | Killed a yak
  4353 | D:4      | Killed a yak
  4354 | D:4      | Reached XP level 8. HP: 30/60 MP: 12/12
  4516 | D:5      | Found an ancient bone altar of Kikubaaqudgha.
  5146 | D:4      | Reached * piety under Wu Jian
  5457 | D:4      | Killed Sundig's ghost
  6324 | D:6      | Noticed Maggie
  6340 | D:6      | HP: 2/61 [Maggie/bolt of fire (15)]
  6343 | D:6      | Slain by Maggie

Illustrated notes

Levels and vault maps discovered:
D:1:      wander_arrival_desolate, layout_rooms, serial_shops, shop,
          minmay_stone_trees_small, minmay_hexomino_r4
D:2:      layout_basic, basic_altar, serial_shops, shop,
          kennysheep_generic_room_15, uniq_natasha
D:3:      minmay_general_purpose_star, layout_basic,
          cheibrodos_sewer_entry_sluice
D:4:      layout_loops_corners, minmay_temple_entry_stoned_glass,
          gammafunk_ghost_smash
D:5:      layout_rooms, mainiacjoe_overflow_chevrons, serial_shops, shop,
          hangedman_abyss_or_decor_passed, minmay_a_box_with_orc_wizards_in_it
D:6:      nicolae_cairo_tiling_large, layout_rooms, nicolae_shop_unique_rings,
          uniq_maggie
Temple:   mainiacjoe_temple_cubbyholes

Skill      XL: |  1  2  3  4  5  6  7  8 |
---------------+-------------------------+-----
Invocations    | 1 2 3 4 |  4.1
Short Blades   | 1 2 3 |  3.7
Long Blades    | 1 2 3 |  3.7
Axes           | 1 2 3 |  3.7
Maces & Flails | 1 2 3 |  3.7
Polearms       | 1 2 3 |  3.7
Staves         | 1 2 3 |  3.7
Ranged Weapons | 1 2 3 |  3.7
Throwing       | 1 2 3 |  3.7
Armour         | 1 2 3 |  3.7
Stealth        | 1 2 3 |  3.7
Shields        | 1 2 3 |  3.7
Spellcasting   | 1 2 3 |  3.7
Evocations     | 1 2 3 |  3.7
Conjurations   | 1 2 3 |  3.1
Hexes          | 1 2 3 |  3.1
Summonings     | 1 2 3 |  3.1
Necromancy     | 1 2 3 |  3.1
Translocations | 1 2 3 |  3.1
Transmutations | 1 2 3 |  3.1
Fire Magic     | 1 2 3 |  3.1
Ice Magic      | 1 2 3 |  3.1
Air Magic      | 1 2 3 |  3.1
Earth Magic    | 1 2 3 |  3.1
Poison Magic   | 1 2 3 |  3.1
Fighting       | 3 4 |  4.6
Dodging        | 5 6 |  6.0
Unarmed Combat | 7 |  7.6
Shapeshifting  | 7 |  7.4

Action                     |  1- 3 |  4- 6 |  7- 9 || total
---------------------------+-------+-------+-------++-------
  Melee: Unarmed           |   103 |   134 |   152 ||   389
         Punch             |     3 |     4 |     3 ||    10
         Bite              |     3 |    10 |    19 ||    32
         Great mace        |       |       |     7 ||     7
  Throw: Throwing net      |       |       |     1 ||     1
Ability: Lunge             |       |       |    12 ||    12
         Whirlwind         |       |       |     3 ||     3
  Evoke: Wand              |       |       |     1 ||     1
    Use: Potion            |     1 |     2 |     4 ||     7
         Scroll            |       |     8 |     3 ||    11
   Stab: Held in net/web   |       |       |     3 ||     3
 Armour: Animal skin       |    15 |       |       ||    15
         Chain mail        |    44 |    73 |   184 ||   301
         Skin              |    14 |       |       ||    14
  Dodge: Dodged            |    57 |    67 |    69 ||   193

Table legend: (Time is in decaauts)
 A = Elapsed time spent in this place.
 B = Non-inter-level travel time spent in this place.
 C = Inter-level travel time spent in this place.
 D = Time resting spent in this place.
 E = Time spent auto-exploring this place.
 F = Levels seen in this place.
 G = Mean time per level.
                   A        B        C        D        E       F      G
               +--------+--------+--------+--------+--------+-----+--------+
         Total |   6495 |   6415 |     80 |   1190 |   2703 |   8 |  811.9 |
       Dungeon |   5384 |   5304 |     80 |    977 |   2267 |   6 |  897.3 |
        Temple |     44 |     44 |      0 |      0 |      0 |   1 |   44.0 |
         Sewer |   1065 |   1065 |      0 |    213 |    436 |   1 | 1065.0 |
               +--------+--------+--------+--------+--------+-----+--------+

Top non-repeatable levels by time:
     D:4: 2103 daAuts
     D:2: 1140 daAuts
   Sewer: 1065 daAuts
     D:3: 945 daAuts
     D:1: 649 daAuts
     D:5: 474 daAuts
     D:6: 71 daAuts
  Temple: 44 daAuts
